 Dungeon Crawl Stone Soup version 0.26.0-15-gc6cd9f7 (webtiles) character file.

Game seed: 16351022696357796961

95 jimeh the Ruffian (level 4, -3/35 HPs)
             Began as a Draconian Transmuter on Jan 24, 2021.
             Slain by a gnoll (7 damage)
             ... on level 2 of the Dungeon.
             The game lasted 00:02:43 (1528 turns).

jimeh the Ruffian (Draconian Transmuter)            Turns: 1528, Time: 00:02:44

Health: -3/35      AC:  5    Str: 12    XL:     4   Next: 39%
Magic:  7/7        EV: 12    Int: 15    God:
Gold:   83         SH:  0    Dex: 11    Spells: 2/8 levels left

rFire    . . .     SeeInvis .     - Unarmed
rCold    . . .     Faith    .   (no shield)
rNeg     . . .     Spirit   .   (armour unavailable)
rPois    .         Reflect  .   (helmet restricted)
rElec    .         Harm     .   (no cloak)
rCorr    .         Rampage  .   (no gloves)
Will     .....                  (no boots)
Stlth    +.........             (no amulet)
HPRegen  0.11/turn              (no ring)
MPRegen  0.10/turn              (no ring)

@: no status effects
A: unfitting armour, cold-blooded, AC +5
a: no special abilities


You were on level 2 of the Dungeon.
You visited 1 branch of the dungeon, and saw 2 of its levels.

You collected 83 gold pieces.

Inventory:

Scrolls
 a - a scroll of remove curse {unknown}
 b - 3 scrolls of teleportation {unknown}
 c - a scroll of fear {unknown}
 d - 3 scrolls of enchant weapon {unknown}
 e - a scroll of identify {unknown}
 f - a scroll of immolation {unknown}


   Skills:
 - Level 1.1 Fighting
 - Level 2.7 Dodging
 - Level 3.8 Unarmed Combat
 - Level 2.5 Spellcasting
 + Level 2.6 Transmutations


You had 2 spell levels left.
You knew the following spells:

 Your Spells              Type           Power        Failure   Level
a - Beastly Appendage     Tmut           18%          7%          1
b - Wereblood             Tmut           9%           11%         2
c - Spider Form           Tmut/Pois      2%           36%         3

Your spell library contained the following spells:

 Spells                   Type           Power        Failure   Level
 Ice Form                 Ice/Tmut       5%           77%         4
 Blade Hands              Tmut           4%           89%         5


Dungeon Overview and Level Annotations

Branches:
Dungeon (2/15)

Altars:
Trog


Innate Abilities, Weirdness & Mutations

Your plain brown scales are hard. (AC +5)
You cannot fit into any form of body armour.
You are cold-blooded and may be slowed by cold attacks.


Message History

You hit the gnoll but do no damage.
The gnoll is lightly wounded.
The gnoll barely misses you.
You hit the gnoll.
Your tail-slap misses the gnoll.
The gnoll is moderately wounded.
Your primal bloodlust has ended.
The gnoll barely misses you.
You closely miss the gnoll.
You tail-slap the gnoll, but do no damage.
The gnoll is moderately wounded.
The gnoll hits you.
* * * LOW HITPOINT WARNING * * *
You hit the gnoll but do no damage.
The gnoll is moderately wounded.
The gnoll hits you.
* * * LOW HITPOINT WARNING * * *
You hit the gnoll but do no damage.
The gnoll is moderately wounded.
The gnoll hits you!
You die...

#.........##>.........
#.........#...........
######.....................
#.
#....'..........)..........
..
#.####..........†..........
#. #.#
#.........#.#+#'###### #.
#.# #.#########.#.#.# # #.#
#.# #.#.#.######## #
##.###.# #@#.#........# #
#......# #g#.#........#####
######## #.#..........'....
#.###........##### ..#
#........'.... ...#
##.......##### ....#
#.......# .....#
#.......##### ......#
#............


You could see a gnoll.

Vanquished Creatures
  2 gnolls (D:2)
  2 adders (D:2)
  2 worms (D:2)
  2 dart slugs (D:1)
  A leopard gecko (D:2)
  An orc (D:2)
  5 bats
  5 giant cockroaches
  5 goblins
  7 hobgoblins
  4 frilled lizards
  2 kobolds (D:1)
  7 rats (D:1)
45 creatures vanquished.

Notes
Turn   | Place    | Note
-------+----------+-------------------------------------------
     0 | D:1      | jimeh the Draconian Transmuter began the quest for the Orb.
     0 | D:1      | Reached XP level 1. HP: 16/16 MP: 3/3
   204 | D:1      | Reached XP level 2. HP: 23/23 MP: 3/5
   624 | D:1      | Reached XP level 3. HP: 24/28 MP: 4/6
   752 | D:2      | Learned a level 2 spell: Wereblood
   756 | D:2      | Learned a level 3 spell: Spider Form
   994 | D:2      | Found a bloodstained altar of Trog.
  1217 | D:2      | Reached XP level 4. HP: 22/35 MP: 4/7
  1528 | D:2      | Slain by a gnoll

Illustrated notes

Levels and vault maps discovered:
D:1:      matt_arrival_diagonals, layout_basic, chequers_serial_rivers_micro_b
D:2:      layout_basic, overflow_temple_1_default

Skill      XL: |  1 |
---------------+----+-----
Dodging        | 2 |  2.7
Fighting       | |  1.1
Unarmed Combat | |  3.8
Spellcasting   | |  2.5
Transmutations | |  2.6

Action                   |  1- 3 |  4- 6 || total
-------------------------+-------+-------++-------
Melee: Unarmed           |   112 |    38 ||   150
       Kick              |    14 |     6 ||    20
       Headbutt          |     6 |       ||     6
       Tailslap          |     4 |     4 ||     8
       Punch             |     3 |     1 ||     4
 Cast: Beastly Appendage |    24 |     3 ||    27
       Wereblood         |       |     1 ||     1
Armor: Skin              |    47 |     6 ||    53
Dodge: Dodged            |    90 |    20 ||   110
